 Dungeon Crawl Stone Soup version 0.28-a0-674-gdaf460b524 (webtiles) character file.

Game seed: 13536596591061929806

41 flotson the Sneak (level 3, -3/27 (29) HPs)
             Began as a Demonspawn Delver on Oct 17, 2021.
             Slain by an iguana (9 damage)
             ... on level 4 of the Dungeon.
             The game lasted 00:01:23 (885 turns).

flotson the Sneak (Demonspawn Delver)                Turns: 885, Time: 00:01:24

HP:   -3/27 (29)    AC:  5    Str: 13    XL:     3   Next: 32%
MP:   3/3           EV: 11    Int: 11    God:
Gold: 13            SH:  0    Dex: 14    Spells: 2/2 levels left

rFire   . . .      SeeInvis .   i - +0 quarterstaff
rCold   . . .      Faith    .   (shield currently unavailable)
rNeg    . . .      Spirit   .   d - +0 ring mail
rPois   .          Reflect  .   (no helmet)
rElec   .          Harm     .   (no cloak)
rCorr   .          Rampage  .   (no gloves)
Will    .....                   (no boots)
Stlth   ++........              (no amulet)
HPRegen 0.09/turn               (no ring)
MPRegen 0.08/turn               (no ring)

@: drained
A: hooves 1, weakness stinger 1
a: no special abilities


You were on level 4 of the Dungeon.
You visited 1 branch of the dungeon, and saw 2 of its levels.

You collected 13 gold pieces.

Inventory:

Hand Weapons
 a - a +0 hand axe
 i - a +0 quarterstaff (weapon)
Armour
 d - a +0 ring mail (worn)
Wands
 g - a wand of digging (3)
Scrolls
 c - a scroll of fog
 e - a scroll of fear
 h - a scroll of enchant weapon {unknown}


   Skills:
 + Level 3.4 Fighting
 + Level 2.3 Axes
 + Level 1.1 Armour
 + Level 2.2 Dodging
 - Level 4.5 Stealth


You had 2 spell levels left.
You didn't know any spells.
Your spell library was empty.

Dungeon Overview and Level Annotations

Branches:
Dungeon (5/15)
 Temple: D:4-7

Altars:


Innate Abilities, Weirdness & Mutations

You have large cloven feet.
You have a small tail.


Message History

You tail-slap the iguana, but do no damage.
The iguana is lightly wounded.
The iguana barely misses you.
You hit the iguana but do no damage.
The iguana is lightly wounded.
The iguana closely misses you.
You hit the iguana but do no damage.
The iguana is lightly wounded.
The iguana barely misses you.
The iguana bites you but does no damage.
You hit the iguana. Your kick misses the iguana.
The iguana is heavily wounded.
The iguana barely misses you.
You closely miss the iguana. You kick the iguana, but do no damage.
The iguana is heavily wounded.
The iguana bites you but does no damage.
You hit the iguana. Your kick misses the iguana.
The iguana is almost dead.
The iguana bites you. The iguana bites you!
You closely miss the iguana.
The iguana is almost dead.
The iguana bites you.
You are too injured to fight recklessly!
You are too injured to fight recklessly!
You are too injured to fight recklessly!
You are too injured to fight recklessly!
You are too injured to fight recklessly!
You are too injured to fight recklessly!
You completely miss the iguana. Your kick misses the iguana.
The iguana is almost dead.
The iguana bites you but does no damage.
You hit the iguana.
The iguana is almost dead.
The iguana bites you.
* * * LOW HITPOINT WARNING * * *
You hit the iguana but do no damage. You kick the iguana, but do no damage.
You tail-slap the iguana, but do no damage.
The iguana is almost dead.
The iguana bites you!
You die...

#####
#######...#
#.)..##...#
#....##...#
#....##l..#
##....##@..#...
#....>..........
#......###.#....
#......# .# ...
#......# . .
####...# ..
##.#. .. ..#.
.#. .....


You could see an iguana.

Vanquished Creatures
  A bullfrog skeleton (D:5)
  An ufetubus (D:5)
  4 orcs (D:5)
6 creatures vanquished.

Notes
Turn   | Place    | Note
-------+----------+-------------------------------------------
     0 | D:5      | flotson the Demonspawn Delver began the quest for the Orb.
     0 | D:5      | Reached XP level 1. HP: 18/18 MP: 1/1
    57 | D:5      | Reached skill level 1 in Armour
    57 | D:5      | Discovered your monstrous ancestry.
    57 | D:5      | Gained mutation: You have large cloven feet. [demonic
                  | ancestry]
    57 | D:5      | Reached XP level 2. HP: 3/24 MP: 2/2
   330 | D:5      | Gained mutation: You have a small tail. [demonic ancestry]
   330 | D:5      | Reached XP level 3. HP: 22/29 MP: 3/3
   658 | D:5      | Noticed a sky beast
   733 | D:5      | Noticed a necrophage
   885 | D:4      | Slain by an iguana

Illustrated notes

Levels and vault maps discovered:
D:4:      layout_basic, nicolae_hepliaklqana_hippocampus, minmay_ruptured
D:5:      layout_rooms, nicolae_overflow_crystal_walls, minmay_liquid_box,
          minivault_27, uniq_duvessa, uniq_blork_the_orc,
          uniq_crazy_yiuf_cottage

Skill      XL: |  1 |
---------------+----+-----
Axes           | 2 |  2.3
Armour         | 1 |  1.1
Dodging        | 2 |  2.2
Fighting       | |  3.4
Stealth        | |  4.5

Action                   || total
-------------------------++-------
Melee: Hand axe          ||    28
       Quarterstaff      ||    19
       Kick              ||    11
       Tailslap          ||     8
  Use: Scroll            ||     1
       Potion            ||     1
 Stab: Sleeping          ||     1
Armor: Leather armour    ||     4
       Ring mail         ||     4
Dodge: Dodged            ||    29

Table legend: (Time is in decaauts)
 A = Elapsed time spent in this place.
 B = Non-inter-level travel time spent in this place.
 C = Inter-level travel time spent in this place.
 D = Time resting spent in this place.
 E = Time spent auto-exploring this place.
 F = Levels seen in this place.
 G = Mean time per level.
                   A        B        C        D        E       F      G
               +--------+--------+--------+--------+--------+-----+--------+
         Total |    875 |    875 |      0 |      0 |    693 |   2 |  437.5 |
       Dungeon |    875 |    875 |      0 |      0 |    693 |   2 |  437.5 |
               +--------+--------+--------+--------+--------+-----+--------+

Top non-repeatable levels by time:
     D:5: 754 daAuts
     D:4: 121 daAuts
